 Dungeon Crawl Stone Soup version 0.22-a0-580-gd5db89c (webtiles) character file.

201 galech the Skirmisher (level 5, 0/57 HPs)
             Began as an Ogre Berserker on July 2, 2018.
             Was a Priest of Trog.
             Killed from afar by an orc wizard (3 damage)
             ... with a magic dart
             ... on level 3 of the Dungeon.
             The game lasted 00:02:40 (2024 turns).

galech the Skirmisher (Ogre Berserker)              Turns: 2024, Time: 00:02:41

Health: 0/57       AC:  3    Str: 22    XL:     5   Next: 79%
Magic:  5/5        EV:  5    Int:  8    God:    Trog [***...]
Gold:   94         SH:  0    Dex:  8    Spells: 4/4 levels left

rFire    . . .     SeeInvis .   a - +0 mace
rCold    . . .     Gourm    .   m - +0 large shield
rNeg     . . .     Faith    .   b - +0 animal skin
rPois    +         Spirit   .   (helmet restricted)
rElec    .         Reflect  .   (no cloak)
rCorr    .         Harm     .   (gloves unavailable)
MR       .....                  (boots unavailable)
Stlth    +.........             (no amulet)
HPRegen  0.19/turn              o - ring of poison resistance
MPRegen  0.09/turn              (no ring)

@: confused, berserk cooldown, slowed, very slow
A: large, unfitting armour, tough skin 1
a: Berserk, Trog's Hand, Renounce Religion


You were on level 3 of the Dungeon.
You worshipped Trog.
Trog was most pleased with you.
You were very hungry.

You visited 1 branch of the dungeon, and saw 3 of its levels.

You collected 94 gold pieces.

Inventory:

Hand Weapons
 a - a +0 mace (weapon)
Armour
 b - a +0 animal skin (worn)
 m - a +0 large shield (worn)
Jewellery
 o - a ring of poison resistance (left hand)
Scrolls
 e - 5 scrolls of identify {unknown}
 f - 5 scrolls of remove curse {unknown}
 g - a scroll of blinking {unknown}
 h - a scroll of enchant armour {unknown}
 l - a scroll of fog {unknown}
Potions
 d - a potion of degeneration {unknown}
 i - 4 potions of flight {unknown}
 j - a potion of lignification {unknown}
 k - a potion of heal wounds {unknown}
 p - a potion of curing {unknown}
 q - a potion of brilliance {unknown}
Comestibles
 c - 6 rations
 n - 4 chunks of flesh


   Skills:
 + Level 5.2 Fighting
 + Level 4.3 Maces & Flails
 + Level 3.5 Dodging
 + Level 1.0 Stealth


You had 4 spell levels left.
You didn't know any spells.
Your spell library was empty.

Dungeon Overview and Level Annotations

Branches:
Dungeon (3/15)

Altars:
Sif Muna


Innate Abilities, Weirdness & Mutations

You are too large for most types of armour.
You have tough skin. (AC +1)


Message History

You barely miss something. You closely miss something.
You are no longer berserk.
You are exhausted.
You feel yourself slow down.
You hear some strange, mumbled words.
A puff of flame appears from out of thin air!
The puff of flame misses you.
Some of the chunks of flesh in your inventory have rotted away.
You miss something.
You feel less confused. Something hits you but does no damage.
You hear some strange, mumbled words.
You are confused.
You miss something.
Something hits you but does no damage. x2
You bump into the rock wall.
You hear some strange, mumbled words.
A magic dart appears from out of thin air!
The magic dart hits you!
You die...

### #.# #.# ..# #. #.# #.# #.# ..
# #.# #{# #.# .# #.# #@# #.###.
#.#########.# #.#..
######.##.....##.# #.#.#
.....#.##.....##.#####.#.########
.....#>.)........................
.......##.....#..#####........###
###....##....(#..# #...........
#....##.....#..#####...####.###
#....########..........# #


There were no monsters in sight!

Vanquished Creatures
  Natasha (thrice) (D:2)
  An orc wizard (D:3)
  3 adders
  An ooze (D:1)
  5 dart slugs
  2 leopard geckos
  3 orcs (D:3)
  3 bats
  A giant cockroach (D:1)
  10 goblins
  8 hobgoblins
  4 jackals (D:1)
  8 kobolds
  2 quokkas (D:2)
  4 frilled lizards
  7 rats
65 creatures vanquished.

Notes
Turn   | Place    | Note
-------+----------+-------------------------------------------
     0 | D:1      | galech the Ogre Berserker began the quest for the Orb.
     0 | D:1      | Reached XP level 1. HP: 24/24 MP: 1/1
    29 | D:1      | Reached XP level 2. HP: 19/32 MP: 2/2
   292 | D:1      | Reached XP level 3. HP: 40/40 MP: 3/3
   456 | D:1      | Reached ** piety under Trog
   826 | D:2      | Found a deep blue altar of Sif Muna.
   826 | D:2      | Noticed Natasha
   840 | D:2      | Killed Natasha
   840 | D:2      | Reached XP level 4. HP: 26/49 MP: 4/4
  1295 | D:2      | Noticed Natasha
  1310 | D:2      | Killed Natasha
  1355 | D:2      | Reached XP level 5. HP: 54/55 MP: 5/5
  1431 | D:2      | Reached skill level 5 in Fighting
  1531 | D:2      | Noticed Natasha
  1541 | D:2      | Killed Natasha
  1891 | D:3      | Reached skill level 1 in Stealth
  1980 | D:3      | Reached *** piety under Trog
  2016 | D:3      | HP: 3/85 [something (2)]
  2024 | D:3      | Killed from afar by an orc wizard

Vault maps used:
D:1:      dpeg_arrival_chase, serial_forest, infiniplex_forest_end_double,
          infiniplex_forest_zigzag_2, infiniplex_forest_straight_4,
          infiniplex_forest_straight_4, infiniplex_forest_straight_1
D:2:      overflow_temple_1_default, uniq_natasha
D:3:      chequers_ecumenical_altar_simple_redux

Skill      XL: |  1  2  3  4  5 |
---------------+----------------+-----
Maces & Flails | 3 4 |  4.3
Dodging        | 3 |  3.5
Fighting       | 5 |  5.2
Stealth        | 1 |  1.0

Action                   |  1- 3 |  4- 6 || total
-------------------------+-------+-------++-------
Melee: Mace              |    70 |   116 ||   186
Invok: Berserk           |     2 |     4 ||     6
 Stab: Sleeping          |     2 |       ||     2
  Eat: Chunk             |     1 |     7 ||     8
Armor: Animal skin       |    18 |    22 ||    40
Dodge: Dodged            |    39 |    36 ||    75
Block: Large shield      |       |    12 ||    12

Table legend:
 A = Spawn XP
 B = Non-spawn XP
 C = Spawn XP percentage of total XP
 D = Spawn monster count
 E = Non-spawn monster count
 F = Spawn count percentage of total count
 G = Total turns spent on level
                    A         B        C        D         E        F      G
               +---------+---------+-------+---------+---------+-------+---------
         Total |       0 |     288 |   0.0 |       0 |      65 |   0.0 |  2024
               +---------+---------+-------+---------+---------+-------+---------
           D:1 |       0 |      63 |   0.0 |       0 |      29 |   0.0 |   826
           D:2 |       0 |     149 |   0.0 |       0 |      21 |   0.0 |   952
           D:3 |       0 |      76 |   0.0 |       0 |      15 |   0.0 |   246
               +---------+---------+-------+---------+---------+-------+---------
